 Dungeon Crawl Stone Soup version 0.30-a0-596-g0af90f9a20 (webtiles) character file.

Game seed: 6514462476797014617

2 gelatine the Chopper (level 1, 0/16 HPs)
             Began as a Demonspawn Gladiator on Jan 6, 2023.
             Frozen to death by an endoplasm (5 damage)
             ... on level 1 of the Dungeon.
             The game lasted 00:00:22 (74 turns).

gelatine the Chopper (Demonspawn Gladiator)           Turns: 74, Time: 00:00:23

Health: 0/16       AC:  4    Str: 14    XL:     1   Next: 33%
Magic:  1/1        EV: 12    Int:  9    God:
Gold:   0          SH:  0    Dex: 14    Spells: 0/0 levels left

rFire   . . .      SeeInvis .    a - +0 war axe
rCold   . . .      Faith    .    (no shield)
rNeg    . . .      Spirit   .    b - +0 leather armour
rPois   .          Reflect  .    c - +0 helmet
rElec   .          Harm     .    (no cloak)
rCorr   .          Rampage  .    (no gloves)
Will    .....                    (no boots)
Stlth   +                        (no amulet)
HPRegen 0.22/turn                (no ring)
MPRegen 0.07/turn                (no ring)

@: no status effects
A: no striking features
a: no special abilities


You were on level 1 of the Dungeon.
You visited 1 branch of the dungeon, and saw 1 of its levels.

Inventory:

Hand Weapons
 a - a +0 war axe (weapon)
Missiles
 d - 3 throwing nets (quivered)
 e - a javelin
Armour
 b - a +0 leather armour (worn)
 c - a +0 helmet (worn)
 f - a +1 hat


   Skills:
 + Level 2.0 Fighting
 + Level 2.7 Axes
 + Level 1.8 Throwing
 + Level 2.7 Dodging


You couldn't memorise any spells.
You didn't know any spells.
Your spell library was empty.

Dungeon Overview and Level Annotations

Branches:
Dungeon (1/15)

Altars:


Message History

The ball python misses you. x2
You slash the ball python!
You kill the ball python!
You see here a +1 hat.
You see here a +1 hat.
f - a +1 hat
Found a robe.
You see here a +0 robe.
A hobgoblin comes into view.
Found a plate armour.
The hobgoblin shouts!
An endoplasm comes into view.
An endoplasm comes into view.
Found a scroll labelled OTEITEUQAU.
You barely miss the hobgoblin. The hobgoblin barely misses you.
You slash the hobgoblin!
You kill the hobgoblin!
You see here a hobgoblin corpse.
You hit the endoplasm but do no damage. The endoplasm freezes you.
You are frozen.
The endoplasm hits you but does no damage. x2
You hit the endoplasm.
The endoplasm is lightly wounded.
You barely miss the endoplasm. The endoplasm barely misses you.
The endoplasm hits you but does no damage.
You barely miss the endoplasm. You hit the endoplasm.
The endoplasm hits you but does no damage.
The endoplasm freezes you.
You are frozen.
You hit the endoplasm but do no damage.
The endoplasm is heavily wounded.
You hit the endoplasm but do no damage. The endoplasm hits you.
The endoplasm freezes you.
You are frozen.
The endoplasm freezes you.
You are frozen.
The endoplasm freezes you.
You are frozen.
You die...

≈≈~~~~≈~≈≈≈≈#.####
≈≈≈~≈~~~≈≈≈≈#....#
≈≈~~~~~~≈≈≈≈####.#
≈≈≈~~~~≈~≈≈≈####.#
≈≈~~~~~~~≈≈≈#....#
≈~~~...~~≈≈≈#.####
≈~~..<..~~≈≈#.#### # #
≈~~~...~~≈≈≈#....#.#..?#
≈≈≈~~~~~~≈≈≈#...@J[.#
≈≈≈≈≈~~≈≈≈≈≈##.#J.......
≈≈≈≈≈≈≈≈≈≈≈≈##.#..#.####
≈≈≈≈≈≈≈≈≈≈≈≈##.#....#
##############.##.###
#.# .# #.# .# #. .#


You could see 2 endoplasms.

Vanquished Creatures
  A ball python (D:1)
  A hobgoblin (D:1)
2 creatures vanquished.

Notes
Turn   | Place    | Note
-------+----------+-------------------------------------------
     0 | D:1      | gelatine the Demonspawn Gladiator began the quest for the
                  | Orb.
     0 | D:1      | Reached XP level 1. HP: 16/16 MP: 1/1
    74 | D:1      | Frozen to death by an endoplasm

Illustrated notes

Levels and vault maps discovered:
D:1:      zaba_arrival_water, layout_basic, hangedman_abyss_or_decor_lesser_grid

Action                   || total
-------------------------++-------
Melee: War axe           ||     7
Armor: Leather armour    ||     4
Dodge: Dodged            ||     4

Table legend: (Time is in decaauts)
 A = Elapsed time spent in this place.
 B = Non-inter-level travel time spent in this place.
 C = Inter-level travel time spent in this place.
 D = Time resting spent in this place.
 E = Time spent auto-exploring this place.
 F = Levels seen in this place.
 G = Mean time per level.
                   A        B        C        D        E       F      G
               +--------+--------+--------+--------+--------+-----+--------+
         Total |     82 |     82 |      0 |      0 |     37 |   1 |   82.0 |
       Dungeon |     82 |     82 |      0 |      0 |     37 |   1 |   82.0 |
               +--------+--------+--------+--------+--------+-----+--------+

Top non-repeatable levels by time:
     D:1: 82 daAuts
